 Dungeon Crawl Stone Soup version 0.21-a0-404-g291f19a (webtiles) character file.

3135 CanOfBees the Fighter (level 9, -6/85 HPs)
             Began as a Minotaur Monk on Oct 31, 2017.
             Was a Believer of Wu Jian.
             Killed from afar by Maimakterion's ghost (9 damage)
             ... with a puff of flame
             ... in a bailey.
             The game lasted 00:14:22 (5924 turns).

CanOfBees the Fighter (Minotaur Monk)               Turns: 5924, Time: 00:14:22

Health: -6/85      AC: 15    Str: 15    XL:     9   Next: 61%
Magic:  8/8        EV: 11    Int:  7    God:    Wu Jian [**....]
Gold:   417        SH:  0    Dex: 17    Spells: 8/8 levels left

rFire    . . .     SeeInvis .   a - +0 falchion
rCold    + . .     Gourm    .   (no shield)
rNeg     + . .     Faith    .   k - +6 scale mail "Xikhlipu" {rC+}
rPois    .         Spirit   .   m - +1 hat
rElec    .         Reflect  .   x - +0 cloak
rCorr    .         Harm     .   (no gloves)
MR       .....                  H - +0 pair of boots
Stlth    ..........             C - amulet of regeneration
HPRegen  0.64/turn              f - ring of positive energy
MPRegen  0.11/turn              G - ring of flight

@: confused, lethally poisoned (-6 -> -6), heavily drained
A: retaliatory headbutt, horns 2
a: Renounce Religion, Evoke Flight


You were in a bailey.
You worshipped Wu Jian.
Wu Jian was pleased with you.
You were near starving.

You visited 2 branches of the dungeon, and saw 8 of its levels.
You also visited: Sewer and Bailey.

You collected 417 gold pieces.

Inventory:

Hand Weapons
 a - a +0 falchion (weapon)
 j - a +2 hunting sling of flaming
Missiles
 d - 15 tomahawks of returning (quivered)
 i - 41 poisoned needles
 n - 22 sling bullets
Armour
 k - the +6 scale mail "Xikhlipu" (worn) {rC+}
   (You found it on level 5 of the Dungeon)

   It protects you from cold.
 m - a +1 hat (worn)
 x - a +0 cloak (worn)
 H - a +0 pair of boots (worn)
Jewellery
 f - a ring of positive energy (left hand)
 C - an amulet of regeneration (around neck)
 G - a ring of flight (right hand)
Wands
 A - a wand of flame (17/48)
 I - a wand of lightning (14/15)
Scrolls
 e - a scroll of enchant armour {unknown}
 g - 2 scrolls of amnesia
 h - 2 scrolls of remove curse
 l - 3 scrolls of teleportation
 o - 3 scrolls of identify
 q - 3 scrolls of recharging
 t - a scroll of fear {unknown}
 w - 3 scrolls of enchant weapon
 y - a scroll of random uselessness {unknown}
 z - a scroll of fog {unknown}
 B - a scroll of noise {unknown}
 K - 2 scrolls of blinking {unknown}
Potions
 r - 7 potions of flight
 s - 3 potions of haste
 D - 4 potions of brilliance {unknown}
 E - a potion of degeneration {unknown}
 J - 2 potions of magic
 L - a potion of might
 M - a potion of lignification
Books
 F - a book of Changes

   Spells                             Type                      Level
   a - Beastly Appendage              Transmutation                1
   b - Sticks to Snakes               Transmutation                2
   c - Spider Form                    Transmutation/Poison         3
   d - Ice Form                       Ice/Transmutation            4
   e - Blade Hands                    Transmutation                5
Comestibles
 c - 7 bread rations
 p - 4 chunks of flesh
 v - 3 meat rations


   Skills:
 * Level 10.2(7.2) Fighting
 * Level 10.2(7.2) Long Blades
 + Level 3.2(0.7) Throwing
 - Level 3.6(1.1) Armour
 + Level 7.0(4.2) Dodging
 - Level 1.5(0.0) Stealth


You had 8 spell levels left.
You didn't know any spells.

Dungeon Overview and Level Annotations

Branches:
Dungeon (7/15)             Temple (1/1) D:6

Altars:
Cheibriados
Elyvilon
Hepliaklqana
Nemelex Xobeh
Okawaru
Ru
Sif Muna
Trog
Wu Jian
Yredelemnul

Annotations:
Bailey Maimakterion's ghost, novice DrVM; diablosword's ghost, journeyman MiBe


Innate Abilities, Weirdness & Mutations

You reflexively headbutt those who attack you in melee.
You have a pair of horns on your head.


Message History

Maimakterion's ghost points at you and mumbles some strange words.
The puff of flame hits you!
* * * LOW HITPOINT WARNING * * *
Maimakterion's ghost hits you but does no damage.
You partially resist.
You feel drained.
Maimakterion's ghost completely misses you.
There is an open door, spattered with blood here.
Things that are here:
a war axe; a plate armour You bump into the stone wall.
Maimakterion's ghost hits you.
* * * LOW HITPOINT WARNING * * *
You partially resist.
You feel drained.
You nearly stumble into some deep water!
You feel sick.
Maimakterion's ghost points at you and mumbles some strange words.
The puff of flame hits you!
* * * LOW HITPOINT WARNING * * *
Maimakterion's ghost points at you and mumbles some strange words.
The puff of flame hits you!
You die...

#.(... #.... #♣ .). #.♣
#'###..♣♣ #(≈≈≈((.♣
#.≈≈≈...♣ ....∩..
#.≈≈≈...∩
#.........##)≈≈≈...♣
#≈..8...8..≈#@≈≈≈...♣
##+#≈.........≈#)###..♣♣
...#≈|?8..o8!}≈#.W.##.♣
...##≈W#####g≈##....##♣
....####...####......##
......................#
..8...†........)8..8..#
............).........#
.....................##


You could see Maimakterion's ghost.

Vanquished Creatures
  The ghost of Kerberun the Shooter, a novice HuHu of Okawaru (D:6)
  The ghost of Chaoticas the Cleaver, a novice DDFi of Makhleb (D:7)
  The ghost of OVerlordThor the Skirmisher, a novice GrGl of Zin (D:5)
  Grinder (D:4)
  Sigmund (D:2)
  2 orc warriors (Bailey)
  An ice beast (D:7)
  Purgy (Sewer)
  An ogre (D:5)
  A centaur (D:6)
  A bullfrog (D:6)
  A scorpion (D:3)
  2 howler monkeys
  2 crimson imps (D:5)
  2 hounds
  An orc priest (D:5)
  A centaur skeleton (D:7)
  An iguana (D:5)
  Natasha (thrice) (D:4)
  4 orc wizards
  4 worker ants
  Ijyb (D:3)
  A hound skeleton (D:6)
  A gnoll (Bailey)
  11 adders
  A shadow imp (D:3)
  2 oozes
  An adder zombie (D:6)
  2 worms
  2 dart slugs (D:3)
  5 leopard geckos
  10 orcs
  8 giant cockroaches
  16 goblins
  4 hobgoblins
  19 jackals
  3 quokkas
  8 ball pythons
  13 bats
  13 frilled lizards
  A jackal skeleton (D:6)
  22 kobolds
  9 rats
186 creatures vanquished.

Notes
Turn   | Place    | Note
-------+----------+-------------------------------------------
     0 | D:1      | CanOfBees the Minotaur Monk began the quest for the Orb.
     0 | D:1      | Reached XP level 1. HP: 19/19 MP: 0/0
   172 | D:1      | Reached XP level 2. HP: 27/27 MP: 1/1
   864 | D:1      | Reached XP level 3. HP: 33/33 MP: 2/2
  1111 | D:2      | Reached skill level 1 in Armour
  1259 | D:2      | Found an iron altar of Okawaru.
  1288 | D:2      | Noticed Sigmund
  1302 | D:2      | Reached XP level 4. HP: 41/41 MP: 3/3
  1421 | D:2      | Found a sacrificial altar of Ru.
  1452 | D:2      | Killed Sigmund
  1452 | D:2      | Reached skill level 5 in Fighting
  1452 | D:2      | Reached skill level 5 in Long Blades
  1452 | D:2      | Reached XP level 5. HP: 44/48 MP: 4/4
  1670 | D:2      | Reached XP level 6. HP: 46/56 MP: 5/5
  1911 | D:3      | Noticed Ijyb
  1919 | D:3      | Killed Ijyb
  2406 | D:4      | Noticed Natasha
  2430 | D:3      | HP: 2/57 [poisoned by a scorpion]
  2436 | D:3      | HP: 2/57 [poisoned by a scorpion]
  2652 | D:4      | Killed Natasha
  2690 | D:3      | Reached XP level 7. HP: 40/64 MP: 6/6
  2833 | D:4      | Noticed Natasha
  2837 | D:4      | Killed Natasha
  2938 | D:4      | Noticed Natasha
  2946 | D:4      | Noticed Grinder
  2967 | D:4      | Killed Grinder
  2967 | D:4      | Reached skill level 5 in Dodging
  3153 | D:4      | Killed Natasha
  3440 | D:5      | Entered Level 5 of the Dungeon
  3566 | D:5      | Noticed OVerlordThor's ghost (novice GrGl)
  3590 | D:5      | Killed OVerlordThor's ghost
  3590 | D:5      | Reached XP level 8. HP: 23/74 MP: 7/7
  3706 | D:5      | Got a scorched scale mail
  3714 | D:5      | Identified the +6 scale mail "Xikhlipu" {rC+} (You found it on level 5 of the Dungeon)
  3753 | D:5      | Found a bloodstained altar of Trog.
  3853 | D:5      | Found a basalt altar of Yredelemnul.
  3949 | D:5      | Found a white marble altar of Elyvilon.
  4468 | D:6      | Found a glowing drain.
  4527 | Sewer    | Entered a sewer
  4562 | Sewer    | Noticed Purgy
  4568 | Sewer    | Killed Purgy
  4568 | Sewer    | Reached skill level 1 in Throwing
  4811 | D:6      | Found a snail-covered altar of Cheibriados.
  4816 | D:6      | Noticed Kerberun's ghost (novice HuHu)
  4853 | D:6      | Killed Kerberun's ghost
  4853 | D:6      | Reached XP level 9. HP: 51/83 MP: 8/8
  4957 | D:6      | Found a staircase to the Ecumenical Temple.
  4962 | Temple   | Entered the Ecumenical Temple
  4991 | Temple   | Became a worshipper of the Wu Jian Council
  4991 | Temple   | Reached * piety under Wu Jian
  4991 | Temple   | Reached ** piety under Wu Jian
  5429 | D:7      | Noticed Chaoticas's ghost (novice DDFi)
  5430 | D:7      | Found a flagged portal.
  5507 | D:7      | Killed Chaoticas's ghost
  5507 | D:7      | Reached skill level 10 in Fighting
  5507 | D:7      | Reached skill level 10 in Long Blades
  5606 | Bailey   | Entered a bailey
  5632 | Bailey   | Noticed an orc warlord
  5714 | Bailey   | Noticed diablosword's ghost (journeyman MiBe)
  5873 | Bailey   | Noticed Maimakterion's ghost (novice DrVM)
  5923 | Bailey   | HP: 2/85 [Maimakterion's ghost/puff of flame (14)]
  5924 | Bailey   | Killed from afar by Maimakterion's ghost

Vault maps used:
D:1:      dpeg_arrival_connections, minmay_bisected
D:2:      lemuel_round_altar, nicolae_ru_great_annihilating_truth,
          minmay_hexomino_c4, uniq_sigmund
D:3:      hangedman_decor_growths, kennysheep_generic_room_15, uniq_ijyb
D:4:      serial_bayou_pond_d, uniq_natasha, uniq_grinder
D:5:      lemuel_doored_altar, old_standard_altar, basic_altar, first_bread
D:6:      minmay_temple_entry_butterflies, basic_altar, portal_sewer_entry_a
D:7:      nicolae_overflow_crystal_walls, grunt_temple_overflow_diamond,
          enter_bailey_3, serial_shops, nicolae_shop_waterfront
Temple:   oiseaux_autumnal_temple
Sewer:    sewer_co_purgy_island
Bailey:   bailey_axe_bossmonster_kennysheep, bailey

Skill      XL: |  1  2  3  4  5  6  7  8  9 |
---------------+----------------------------+-----
Fighting       | 4 5 6 7 9 10 | 10.2
Long Blades    | 4 5 6 7 9 10 | 10.2
Armour         | 1 2 3 |  3.6
Dodging        | 4 5 6 7 |  7.0
Throwing       | 2 3 |  3.2
Stealth        | |  1.5

Action                   |  1- 3 |  4- 6 |  7- 9 || total
-------------------------+-------+-------+-------++-------
Melee: Falchion          |    96 |   143 |   263 ||   502
       Headbutt          |    14 |    32 |    63 ||   109
       Hunting sling     |       |       |     1 ||     1
 Fire: Hunting sling     |     2 |    10 |   153 ||   165
Throw: Stone             |       |       |     2 ||     2
       Tomahawk          |       |       |     7 ||     7
 Abil: Stop Flying       |       |       |     1 ||     1
       Evoke Flight      |       |       |     1 ||     1
  Use: Potion            |       |     4 |     7 ||    11
       Scroll            |       |     4 |     8 ||    12
  Eat: Chunk             |     1 |     5 |     9 ||    15
Armor: Chain mail        |    69 |       |       ||    69
       Robe              |     2 |       |       ||     2
       Scale mail        |    12 |    77 |   113 ||   202
       Skin              |       |       |     9 ||     9
Dodge: Dodged            |    49 |    79 |   200 ||   328
       Rpst.: Falchion   |     9 |    16 |    36 ||    61

Table legend:
 A = Spawn XP
 B = Non-spawn XP
 C = Spawn XP percentage of total XP
 D = Spawn monster count
 E = Non-spawn monster count
 F = Spawn count percentage of total count
 G = Total turns spent on level
                    A         B        C        D         E        F      G
               +---------+---------+-------+---------+---------+-------+---------
         Total |       0 |    4479 |   0.0 |       0 |     186 |   0.0 |  5924
               +---------+---------+-------+---------+---------+-------+---------
           D:1 |       0 |      44 |   0.0 |       0 |      29 |   0.0 |  1069
           D:2 |       0 |     385 |   0.0 |       0 |      37 |   0.0 |   831
           D:3 |       0 |     253 |   0.0 |       0 |      24 |   0.0 |   878
           D:4 |       0 |     573 |   0.0 |       0 |      18 |   0.0 |   662
           D:5 |       0 |     843 |   0.0 |       0 |      20 |   0.0 |   999
           D:6 |       0 |    1099 |   0.0 |       0 |      24 |   0.0 |   696
           D:7 |       0 |     840 |   0.0 |       0 |       8 |   0.0 |   213
         Sewer |       0 |     138 |   0.0 |       0 |       9 |   0.0 |   205
        Bailey |       0 |     304 |   0.0 |       0 |      17 |   0.0 |   318
               +---------+---------+-------+---------+---------+-------+---------
